[ AOE2 MATCH · #486909899 ]
UnrankedEthiopians vs Britons
[ REPLAY ANALYSIS · EXTRACTED FROM THE RECORDED GAME ]
Feudal
10:08
Castle
21:34
Imperial
38:27
| APM avg | 26.6 |
| APM peak | 46 |
| eAPM avg | 15.6 |
| Villagers / military | 88 / 141 |
Focus
⚔️ 28.5% · 🌾 71.5%
Archer ×95 · Spearman ×43 · Battering Ram ×2 · Mangonel ×1
Feudal
11:54
Castle
15:53
Imperial
29:26
| APM avg | 22.4 |
| APM peak | 46 |
| eAPM avg | 16.6 |
| Villagers / military | 145 / 35 |
Focus
⚔️ 22.7% · 🌾 77.3%
Longbowman ×31 · Trebuchet (Packed) ×3 · Monk ×1
Feudal
11:56
Castle
15:57
Imperial
28:12
| APM avg | 31.6 |
| APM peak | 63 |
| eAPM avg | 14.8 |
| Villagers / military | 111 / 40 |
Focus
⚔️ 24.2% · 🌾 75.8%
Skirmisher ×18 · Hussite Wagon ×15 · Trebuchet (Packed) ×4 · Bombard Cannon ×3
Feudal
10:12
Castle
14:59
Imperial
34:24
| APM avg | 15.4 |
| APM peak | 55 |
| eAPM avg | 10.1 |
| Villagers / military | 74 / 20 |
Focus
⚔️ 20.8% · 🌾 79.2%
Organ Gun ×8 · Knight ×4 · Scorpion ×3 · Battering Ram ×3 · Mangonel ×2
Feudal
11:07
Castle
15:07
Imperial
36:04
| APM avg | 57.8 |
| APM peak | 82 |
| eAPM avg | 29.4 |
| Villagers / military | 134 / 95 |
Focus
⚔️ 33.9% · 🌾 66.1%
Knight ×93 · Monk ×1 · Scout Cavalry ×1
Feudal
10:57
Castle
14:44
Imperial
31:44
| APM avg | 49.3 |
| APM peak | 106 |
| eAPM avg | 23.4 |
| Villagers / military | 156 / 70 |
Focus
⚔️ 20.5% · 🌾 79.5%
Cavalry Archer ×57 · Monk ×4 · Trebuchet (Packed) ×4 · Mangonel ×2 · Scout Cavalry ×2 · Battering Ram ×1
Feudal
—
Castle
—
Imperial
—
| APM avg | 47.9 |
| APM peak | 130 |
| eAPM avg | 29.8 |
| Villagers / military | 174 / 190 |
Focus
⚔️ 41.5% · 🌾 58.5%
Knight ×127 · Scout Cavalry ×58 · Monk ×3 · Monaspa ×2
Feudal
12:24
Castle
16:07
Imperial
30:49
| APM avg | 34.4 |
| APM peak | 73 |
| eAPM avg | 20.5 |
| Villagers / military | 155 / 77 |
Focus
⚔️ 19.7% · 🌾 80.3%
Conquistador ×58 · Scout Cavalry ×19
Match map
Initial resources + every placement click. Lines = walls · curves = elevation contours. ◆ gold · ⬟ stone · ● berries · ✦ relic · ◌ wall gap
Your base· ✓ Closed at 21:34 · 0t walls · 2 gate(s)
LRNI_robotech's base· ✓ Closed at 15:53 · 0t walls · 3 gate(s)
KatarnRedfield's base· ✓ Closed at 15:57 · 0t walls · 2 gate(s)
LRNI_MAMBO's base· ✓ Closed at 14:59 · 0t walls · 2 gate(s)
PedroAOE's base· ✓ Closed at 15:07 · 0t walls · 3 gate(s)
PerryTHIS's base· ✓ Closed at 14:44 · 0t walls · 3 gate(s)
LRNI MarinM's base· ✓ Closed at 12:34 · 0t walls · 2 gate(s)
Krispy's base· ✓ Closed at 16:07 · 0t walls · 3 gate(s)
Smoothed initial terrain · ◌ = detected wall gap · hover for details
Inputs per minute
— fonsejua - - LRNI_robotech
Build order — fonsejua
First 150 of 299 actions detected
| 0:01 | Create | Villager (Male) |
| 0:02 | Create | Villager (Male) |
| 0:03 | Build | House |
| 0:13 | Create | Villager (Male) |
| 0:13 | Create | Villager (Male) |
| 0:14 | Create | Villager (Male) |
| 0:36 | Build | Lumber Camp |
| 0:39 | Build | House |
| 0:41 | Build | House |
| 0:42 | Build | House |
| 1:34 | Create | Villager (Male) |
| 1:34 | Create | Villager (Male) |
| 2:05 | Create | Villager (Male) |
| 2:05 | Create | Villager (Male) |
| 2:31 | Create | Villager (Male) |
| 2:32 | Create | Villager (Male) |
| 2:54 | Create | Villager (Male) |
| 2:55 | Create | Villager (Male) |
| 3:31 | Create | Villager (Male) |
| 3:31 | Create | Villager (Male) |
| 3:31 | Create | Villager (Male) |
| 4:07 | Create | Villager (Male) |
| 4:27 | Create | Villager (Male) |
| 5:01 | Build | Mill |
| 5:15 | Create | Villager (Male) |
| 5:16 | Create | Villager (Male) |
| 5:16 | Create | Villager (Male) |
| 6:18 | Create | Villager (Male) |
| 6:19 | Create | Villager (Male) |
| 6:19 | Create | Villager (Male) |
| 6:20 | Create | Villager (Male) |
| 7:58 | Research | Feudal Age |
| 8:01 | Build | Barracks |
| 8:02 | Build | House |
| 8:34 | Build | Mining Camp |
| 9:15 | Build | House |
| 9:33 | Create | Villager (Male) |
| 9:54 | Create | Villager (Male) |
| 10:08 | Age | Feudal Age |
| 10:09 | Create | Spearman |
| 10:13 | Research | Double-Bit Axe |
| 10:14 | Research | Gold Mining |
| 10:35 | Build | Archery Range |
| 10:41 | Create | Villager (Male) |
| 10:45 | Build | Farm |
| 11:30 | Create | Villager (Male) |
| 11:30 | Create | Villager (Male) |
| 11:30 | Create | Villager (Male) |
| 11:34 | Build | Farm |
| 11:34 | Build | Farm |
| 11:34 | Build | Farm |
| 11:57 | Create | Archer |
| 12:00 | Create | Villager (Male) |
| 12:01 | Create | Spearman |
| 12:14 | Build | Archery Range |
| 12:20 | Build | Farm |
| 12:21 | Build | Farm |
| 12:22 | Build | Farm |
| 12:40 | Create | Villager (Male) |
| 12:43 | Build | Farm |
| 12:50 | Build | Farm |
| 13:01 | Create | Archer |
| 13:04 | Build | House |
| 13:05 | Build | House |
| 13:06 | Build | House |
| 13:18 | Build | House |
| 13:23 | Create | Archer |
| 13:23 | Create | Archer |
| 13:26 | Create | Villager (Male) |
| 13:26 | Create | Villager (Male) |
| 13:52 | Create | Spearman |
| 13:53 | Create | Villager (Male) |
| 13:53 | Create | Villager (Male) |
| 14:00 | Build | Farm |
| 14:02 | Build | Farm |
| 14:05 | Create | Archer |
| 14:05 | Create | Archer |
| 14:07 | Create | Archer |
| 14:13 | Build | House |
| 14:17 | Create | Villager (Male) |
| 14:18 | Create | Villager (Male) |
| 14:18 | Create | Villager (Male) |
| 14:26 | Build | Farm |
| 14:28 | Build | Farm |
| 14:30 | Build | Farm |
| 14:34 | Build | Farm |
| 14:44 | Create | Villager (Male) |
| 14:45 | Create | Villager (Male) |
| 14:48 | Build | House |
| 15:07 | Create | Archer |
| 15:07 | Create | Archer |
| 15:18 | Create | Villager (Male) |
| 15:26 | Build | Blacksmith |
| 15:29 | Build | House |
| 15:29 | Build | House |
| 15:30 | Build | House |
| 15:33 | Create | Villager (Male) |
| 15:33 | Create | Villager (Male) |
| 15:36 | Build | Farm |
| 15:38 | Build | Farm |
| 15:38 | Build | Farm |
| 15:59 | Build | Mining Camp |
| 16:30 | Create | Villager (Male) |
| 16:31 | Create | Villager (Male) |
| 16:33 | Build | Farm |
| 16:34 | Build | Farm |
| 16:35 | Build | Farm |
| 17:09 | Build | Farm |
| 17:21 | Create | Archer |
| 17:21 | Create | Archer |
| 17:23 | Create | Archer |
| 17:23 | Create | Archer |
| 17:28 | Create | Spearman |
| 18:00 | Create | Villager (Male) |
| 18:06 | Create | Villager (Male) |
| 18:08 | Build | Farm |
| 18:11 | Build | Farm |
| 18:13 | Build | Farm |
| 18:21 | Create | Archer |
| 18:21 | Create | Archer |
| 18:54 | Research | Castle Age |
| 19:27 | Create | Spearman |
| 19:27 | Create | Spearman |
| 19:49 | Create | Spearman |
| 19:50 | Create | Spearman |
| 19:52 | Research | Fletching |
| 20:04 | Create | Spearman |
| 20:25 | Research | Padded Archer Armor |
| 20:29 | Create | Villager (Male) |
| 20:29 | Create | Villager (Male) |
| 20:30 | Create | Archer ×3 |
| 21:33 | Create | Archer |
| 21:33 | Create | Archer |
| 21:33 | Create | Archer |
| 21:34 | Age | Castle Age |
| 21:40 | Create | Villager (Male) |
| 21:41 | Create | Villager (Male) |
| 21:53 | Build | Siege Workshop |
| 22:01 | Research | Crossbowman (upgrade) |
| 22:01 | Research | Thumb Ring |
| 22:34 | Create | Archer ×3 |
| 22:55 | Research | Bodkin Arrow |
| 23:05 | Build | Town Center |
| 23:15 | Build | Town Center |
| 23:20 | Create | Villager (Male) |
| 23:21 | Research | Bow Saw |
| 23:32 | Create | Archer ×3 |
| 24:05 | Build | University |
| 24:08 | Create | Archer |
| 24:08 | Create | Archer |
Build order — LRNI_robotech
First 150 of 284 actions detected
| 0:00 | Create | Villager (Male) |
| 0:01 | Create | Villager (Male) |
| 0:01 | Create | Villager (Male) |
| 0:02 | Build | House |
| 0:04 | Build | House |
| 0:04 | Create | Villager (Male) |
| 1:17 | Create | Villager (Male) |
| 1:43 | Create | Villager (Male) |
| 2:16 | Create | Villager (Male) |
| 2:27 | Build | House |
| 2:29 | Build | Mill |
| 2:55 | Create | Villager (Male) |
| 2:56 | Create | Villager (Male) |
| 3:20 | Create | Villager (Male) |
| 4:09 | Create | Villager (Male) |
| 4:22 | Create | Villager (Male) |
| 4:22 | Create | Villager (Male) |
| 4:43 | Build | Lumber Camp |
| 5:00 | Create | Villager (Male) |
| 5:00 | Create | Villager (Male) |
| 5:22 | Create | Villager (Male) |
| 6:11 | Create | Villager (Male) |
| 6:24 | Build | Farm |
| 6:36 | Create | Villager (Male) |
| 6:44 | Build | House |
| 6:54 | Research | Loom |
| 7:10 | Build | Farm |
| 7:10 | Create | Villager (Male) |
| 7:25 | Create | Villager (Male) |
| 7:34 | Build | Farm |
| 7:41 | Create | Villager (Male) |
| 7:50 | Create | Villager (Male) |
| 8:00 | Build | House |
| 8:08 | Create | Villager (Male) |
| 8:20 | Build | Farm |
| 9:00 | Build | Mining Camp |
| 9:03 | Create | Villager (Male) |
| 9:28 | Build | Mining Camp |
| 9:44 | Research | Feudal Age |
| 10:16 | Build | Mill |
| 11:49 | Create | Villager (Male) |
| 11:54 | Age | Feudal Age |
| 11:55 | Build | Blacksmith |
| 11:57 | Build | Market |
| 12:13 | Create | Villager (Male) |
| 13:13 | Research | Castle Age |
| 14:13 | Build | House |
| 15:01 | Research | Double-Bit Axe |
| 15:04 | Research | Gold Mining |
| 15:49 | Create | Villager (Male) |
| 15:49 | Create | Villager (Male) |
| 15:49 | Create | Villager (Male) |
| 15:53 | Age | Castle Age |
| 16:02 | Create | Villager (Male) |
| 16:30 | Build | Castle |
| 16:32 | Build | House |
| 16:40 | Build | Palisade Wall |
| 16:46 | Create | Villager (Male) |
| 16:46 | Create | Villager (Male) |
| 16:47 | Create | Villager (Male) |
| 16:56 | Create | Villager (Male) |
| 17:03 | Research | Fletching |
| 17:04 | Create | Villager (Male) |
| 17:29 | Create | Villager (Male) |
| 17:29 | Create | Villager (Male) |
| 17:38 | Create | Longbowman |
| 17:38 | Create | Longbowman |
| 17:38 | Create | Longbowman |
| 17:57 | Create | Villager (Male) |
| 18:08 | Build | Siege Workshop |
| 18:09 | Create | Villager (Male) |
| 18:27 | Research | Bow Saw |
| 18:41 | Create | Villager (Male) |
| 18:49 | Build | House |
| 19:23 | Create | Villager (Male) |
| 19:27 | Build | Farm |
| 19:27 | Build | Farm |
| 19:27 | Build | Farm |
| 19:27 | Build | Farm |
| 19:28 | Build | Farm |
| 19:28 | Build | Farm |
| 19:29 | Create | Villager (Male) |
| 19:43 | Create | Villager (Male) |
| 19:48 | Build | Farm |
| 19:49 | Build | Farm |
| 20:10 | Build | Mining Camp |
| 20:31 | Create | Villager (Male) |
| 20:37 | Build | Farm |
| 20:38 | Build | Farm |
| 20:38 | Build | Farm |
| 20:40 | Build | Farm |
| 20:41 | Create | Villager (Male) |
| 20:53 | Create | Villager (Male) |
| 21:04 | Create | Longbowman |
| 21:04 | Create | Longbowman |
| 21:05 | Create | Longbowman |
| 21:06 | Create | Longbowman |
| 21:16 | Create | Villager (Male) |
| 21:16 | Create | Villager (Male) |
| 21:27 | Research | Horse Collar |
| 21:40 | Create | Villager (Male) |
| 21:53 | Build | Town Center |
| 22:00 | Research | Wheelbarrow |
| 22:18 | Create | Longbowman |
| 22:18 | Create | Longbowman |
| 22:18 | Create | Longbowman |
| 22:26 | Create | Villager (Male) |
| 22:26 | Create | Villager (Male) |
| 22:34 | Create | Villager (Male) |
| 22:41 | Build | Farm |
| 22:42 | Build | Farm |
| 22:43 | Build | Farm |
| 22:44 | Build | Farm |
| 22:45 | Create | Villager (Male) |
| 23:02 | Create | Villager (Male) |
| 23:15 | Build | Farm |
| 23:17 | Build | Farm |
| 23:18 | Build | Farm |
| 23:19 | Create | Villager (Male) |
| 23:19 | Create | Villager (Male) |
| 23:28 | Create | Villager (Male) |
| 23:29 | Create | Villager (Male) |
| 23:29 | Create | Villager (Male) |
| 23:54 | Create | Villager (Male) |
| 23:56 | Create | Villager (Male) |
| 24:02 | Build | Farm |
| 24:02 | Build | Farm |
| 24:02 | Build | Farm |
| 24:09 | Create | Villager (Male) |
| 24:09 | Create | Villager (Male) |
| 24:35 | Build | Monastery |
| 24:59 | Create | Villager (Male) |
| 25:15 | Create | Villager (Male) |
| 25:15 | Create | Villager (Male) |
| 25:27 | Create | Monk |
| 25:36 | Build | Farm |
| 25:36 | Build | Farm |
| 25:37 | Build | Farm |
| 25:39 | Create | Villager (Male) |
| 25:40 | Create | Villager (Male) |
| 26:16 | Research | Imperial Age |
| 26:26 | Create | Villager (Male) |
| 26:44 | Build | Castle |
| 26:55 | Create | Longbowman |
| 26:55 | Create | Longbowman |
| 26:55 | Create | Longbowman |
| 26:55 | Create | Longbowman |
| 27:06 | Create | Villager (Male) |
| 27:06 | Create | Villager (Male) |
| 27:14 | Build | House |
Build order — KatarnRedfield
First 150 of 265 actions detected
| 0:02 | Create | Villager (Male) |
| 0:03 | Create | Villager (Male) |
| 0:03 | Create | Villager (Male) |
| 0:03 | Create | Villager (Male) |
| 0:03 | Create | Villager (Male) |
| 0:05 | Build | House |
| 0:07 | Build | House |
| 1:30 | Create | Villager (Male) |
| 1:58 | Create | Villager (Male) |
| 1:58 | Create | Villager (Male) |
| 1:59 | Build | Lumber Camp |
| 2:28 | Create | Villager (Male) |
| 3:01 | Create | Villager (Male) |
| 3:01 | Create | Villager (Male) |
| 3:08 | Create | Villager (Male) |
| 3:08 | Create | Villager (Male) |
| 3:32 | Build | House |
| 3:34 | Build | House |
| 3:35 | Build | House |
| 3:57 | Create | Villager (Male) |
| 3:57 | Create | Villager (Male) |
| 4:35 | Create | Villager (Male) |
| 4:35 | Create | Villager (Male) |
| 4:53 | Build | Mill |
| 4:58 | Create | Villager (Male) |
| 4:59 | Create | Villager (Male) |
| 4:59 | Create | Villager (Male) |
| 5:12 | Build | Outpost |
| 5:30 | Create | Villager (Male) |
| 6:09 | Create | Villager (Male) |
| 6:09 | Create | Villager (Male) |
| 6:54 | Build | Mill |
| 7:10 | Create | Villager (Male) |
| 7:11 | Create | Villager (Male) |
| 7:11 | Create | Villager (Male) |
| 7:12 | Create | Villager (Male) |
| 7:37 | Create | Villager (Male) |
| 7:53 | Create | Villager (Male) |
| 7:53 | Create | Villager (Male) |
| 8:02 | Create | Villager (Male) |
| 8:15 | Build | Lumber Camp |
| 8:29 | Create | Villager (Male) |
| 9:19 | Build | Mining Camp |
| 9:29 | Build | Farm |
| 9:46 | Research | Feudal Age |
| 10:20 | Build | Farm |
| 10:23 | Build | Farm |
| 10:33 | Build | Farm |
| 10:52 | Create | Villager (Male) |
| 10:52 | Create | Villager (Male) |
| 11:50 | Build | Farm |
| 11:56 | Age | Feudal Age |
| 12:11 | Build | Market |
| 12:14 | Build | Blacksmith |
| 12:28 | Build | Farm |
| 13:17 | Research | Castle Age |
| 13:17 | Research | Castle Age |
| 13:40 | Research | Double-Bit Axe |
| 13:53 | Create | Villager (Male) |
| 14:08 | Build | House |
| 14:15 | Create | Villager (Male) |
| 15:00 | Build | House |
| 15:50 | Create | Villager (Male) |
| 15:50 | Create | Villager (Male) |
| 15:57 | Age | Castle Age |
| 16:04 | Build | Town Center |
| 16:35 | Create | Villager (Male) |
| 16:36 | Create | Villager (Male) |
| 16:45 | Build | Mining Camp |
| 16:56 | Build | House |
| 17:02 | Build | Farm |
| 17:08 | Build | House |
| 17:13 | Build | Farm |
| 17:13 | Build | Farm |
| 17:14 | Build | Farm |
| 17:18 | Build | Farm |
| 18:03 | Build | Castle |
| 18:11 | Create | Villager (Male) |
| 18:13 | Create | Villager (Male) |
| 18:18 | Build | Farm |
| 18:20 | Build | Farm |
| 18:23 | Research | Horse Collar |
| 18:26 | Research | Bow Saw |
| 18:27 | Research | Wheelbarrow |
| 18:28 | Research | Loom |
| 18:35 | Build | Farm |
| 19:29 | Build | Gate |
| 19:47 | Build | Stone Wall |
| 19:51 | Build | Stone Wall |
| 19:54 | Create | Villager (Male) |
| 19:54 | Create | Villager (Male) |
| 20:00 | Research | Fletching |
| 20:05 | Create | Villager (Male) |
| 20:07 | Build | Farm |
| 20:10 | Build | Farm |
| 20:22 | Build | Gate |
| 20:36 | Build | Gate |
| 20:45 | Create | Villager (Male) |
| 20:45 | Create | Villager (Male) |
| 20:46 | Create | Hussite Wagon |
| 21:01 | Create | Villager (Male) |
| 21:02 | Create | Villager (Male) |
| 21:12 | Build | Stone Wall |
| 21:23 | Create | Villager (Male) |
| 21:24 | Create | Villager (Male) |
| 21:40 | Create | Villager (Male) |
| 21:41 | Create | Villager (Male) |
| 21:48 | Build | Farm |
| 21:52 | Build | Farm |
| 22:02 | Build | Farm |
| 22:07 | Create | Villager (Male) |
| 22:29 | Build | Farm |
| 22:35 | Build | Farm |
| 22:43 | Create | Villager (Male) |
| 22:43 | Create | Villager (Male) |
| 22:51 | Build | Barracks |
| 22:54 | Build | Farm |
| 22:57 | Create | Hussite Wagon |
| 23:17 | Build | Farm |
| 23:25 | Build | Farm |
| 23:32 | Create | Villager (Male) |
| 23:35 | Create | Villager (Male) |
| 23:42 | Build | House |
| 23:48 | Build | House |
| 23:49 | Build | House |
| 24:01 | Build | Farm |
| 24:02 | Build | Farm |
| 24:04 | Build | Farm |
| 24:11 | Create | Villager (Male) |
| 24:15 | Build | Farm |
| 24:23 | Build | Monastery |
| 24:37 | Build | Farm |
| 24:40 | Build | Farm |
| 25:02 | Research | Imperial Age |
| 25:02 | Research | Imperial Age |
| 25:11 | Build | House |
| 25:14 | Build | House |
| 25:16 | Create | Villager (Male) |
| 25:17 | Create | Villager (Male) |
| 25:21 | Create | Hussite Wagon |
| 25:42 | Build | Archery Range |
| 25:52 | Build | University |
| 25:57 | Create | Hussite Wagon |
| 25:58 | Create | Villager (Male) |
| 25:58 | Create | Villager (Male) |
| 26:18 | Research | Bodkin Arrow |
| 26:26 | Research | Fervor |
| 26:41 | Research | Chemistry |
| 26:43 | Create | Villager (Male) |
| 26:51 | Create | Skirmisher |
Build order — LRNI_MAMBO
First 150 of 182 actions detected
| 0:01 | Create | Villager (Male) |
| 0:02 | Create | Villager (Male) |
| 0:02 | Create | Villager (Male) |
| 0:03 | Build | House |
| 0:05 | Build | House |
| 0:43 | Create | Villager (Male) |
| 1:31 | Create | Villager (Male) |
| 1:48 | Build | Lumber Camp |
| 2:11 | Create | Villager (Male) |
| 2:41 | Create | Villager (Male) |
| 2:58 | Create | Villager (Male) |
| 3:12 | Build | House |
| 3:13 | Build | House |
| 3:21 | Create | Villager (Male) |
| 3:37 | Create | Villager (Male) |
| 4:24 | Create | Villager (Male) |
| 4:35 | Create | Villager (Male) |
| 4:58 | Build | Mill |
| 5:22 | Create | Villager (Male) |
| 5:31 | Create | Villager (Male) |
| 5:31 | Create | Villager (Male) |
| 5:58 | Create | Villager (Male) |
| 6:50 | Create | Villager (Male) |
| 6:54 | Create | Villager (Male) |
| 7:53 | Build | Mining Camp |
| 8:02 | Research | Feudal Age |
| 9:22 | Build | Farm |
| 9:25 | Build | Farm |
| 9:30 | Build | Farm |
| 9:37 | Build | Farm |
| 10:12 | Age | Feudal Age |
| 10:27 | Build | Blacksmith |
| 10:33 | Create | Villager (Male) |
| 11:31 | Build | Market |
| 11:53 | Create | Villager (Male) |
| 12:19 | Research | Castle Age |
| 12:26 | Build | Farm |
| 12:34 | Create | Villager (Male) |
| 12:34 | Create | Villager (Male) |
| 12:35 | Create | Villager (Male) |
| 13:10 | Build | Farm |
| 13:50 | Build | Mining Camp |
| 14:07 | Build | House |
| 14:31 | Build | Farm |
| 14:43 | Create | Villager (Male) |
| 14:59 | Age | Castle Age |
| 15:10 | Build | Farm |
| 15:59 | Research | Double-Bit Axe |
| 16:02 | Research | Horse Collar |
| 16:04 | Create | Villager (Male) |
| 16:08 | Research | Stone Mining |
| 16:17 | Build | House |
| 16:34 | Create | Villager (Male) |
| 16:42 | Build | House |
| 16:46 | Create | Villager (Male) |
| 17:00 | Research | Bow Saw |
| 17:21 | Create | Villager (Male) |
| 17:56 | Build | Castle |
| 18:05 | Create | Villager (Male) |
| 18:06 | Create | Villager (Male) |
| 18:08 | Research | Loom |
| 18:12 | Research | Wheelbarrow |
| 18:52 | Build | Town Center |
| 19:37 | Build | Castle |
| 20:30 | Create | Villager (Male) |
| 20:31 | Create | Villager (Male) |
| 20:31 | Create | Villager (Male) |
| 20:31 | Create | Villager (Male) |
| 21:02 | Build | Farm |
| 21:02 | Build | Farm |
| 21:21 | Create | Villager (Male) |
| 21:21 | Create | Villager (Male) |
| 21:44 | Build | Farm |
| 21:49 | Create | Organ Gun |
| 21:49 | Create | Organ Gun |
| 21:59 | Build | Farm |
| 22:03 | Build | Farm |
| 22:07 | Build | Farm |
| 22:11 | Build | Farm |
| 22:13 | Create | Villager (Male) |
| 22:39 | Create | Villager (Male) |
| 22:39 | Create | Villager (Male) |
| 22:47 | Build | Farm |
| 22:48 | Build | Farm |
| 22:48 | Build | Farm |
| 22:48 | Build | Farm |
| 22:49 | Build | Farm |
| 22:59 | Create | Villager (Male) |
| 23:14 | Build | Siege Workshop |
| 23:17 | Create | Organ Gun |
| 23:17 | Create | Organ Gun |
| 23:24 | Research | Heavy Plow |
| 23:30 | Build | Farm |
| 23:33 | Build | Farm |
| 23:36 | Create | Villager (Male) |
| 23:37 | Create | Villager (Male) |
| 23:46 | Build | Farm |
| 23:49 | Create | Villager (Male) |
| 23:50 | Create | Villager (Male) |
| 23:50 | Create | Villager (Male) |
| 24:07 | Create | Organ Gun |
| 24:43 | Create | Villager (Male) |
| 24:43 | Create | Villager (Male) |
| 24:43 | Create | Villager (Male) |
| 24:44 | Create | Villager (Male) |
| 24:56 | Build | Farm |
| 24:57 | Create | Villager (Male) |
| 25:01 | Research | Gold Mining |
| 25:02 | Research | Stone Shaft Mining |
| 25:27 | Create | Organ Gun |
| 25:38 | Build | Farm |
| 25:45 | Build | Lumber Camp |
| 25:59 | Create | Scorpion |
| 26:10 | Create | Organ Gun |
| 26:31 | Create | Organ Gun |
| 26:37 | Build | Farm |
| 26:38 | Create | Villager (Male) |
| 26:39 | Create | Villager (Male) |
| 26:39 | Create | Villager (Male) |
| 26:51 | Create | Battering Ram |
| 26:55 | Create | Scorpion |
| 27:09 | Create | Scorpion |
| 27:55 | Create | Villager (Male) |
| 27:55 | Create | Villager (Male) |
| 27:55 | Create | Villager (Male) |
| 27:56 | Create | Villager (Male) |
| 27:56 | Create | Villager (Male) |
| 28:12 | Create | Mangonel |
| 28:24 | Build | House |
| 28:25 | Build | House |
| 28:25 | Build | House |
| 28:26 | Build | House |
| 28:26 | Build | House |
| 28:52 | Create | Mangonel |
| 29:13 | Build | Barracks |
| 29:31 | Create | Villager (Male) |
| 29:31 | Create | Villager (Male) |
| 29:31 | Create | Villager (Male) |
| 29:32 | Create | Villager (Male) |
| 29:32 | Create | Villager (Male) |
| 29:32 | Create | Villager (Male) |
| 29:33 | Research | Hand Cart |
| 30:00 | Create | Villager (Male) |
| 30:00 | Create | Villager (Male) |
| 30:00 | Create | Villager (Male) |
| 30:02 | Research | Town Watch |
| 30:28 | Create | Villager (Male) |
| 30:28 | Create | Villager (Male) |
| 30:28 | Create | Villager (Male) |
| 31:14 | Research | Imperial Age |
Build order — PedroAOE
First 150 of 408 actions detected
| 0:00 | Create | Villager (Male) |
| 0:01 | Create | Villager (Male) |
| 0:01 | Create | Villager (Male) |
| 0:02 | Build | House |
| 0:05 | Build | House |
| 0:08 | Create | Villager (Male) |
| 1:22 | Create | Villager (Male) |
| 1:55 | Create | Villager (Male) |
| 2:27 | Create | Villager (Male) |
| 2:36 | Build | Lumber Camp |
| 3:00 | Build | House |
| 3:07 | Create | Villager (Male) |
| 3:08 | Create | Villager (Male) |
| 3:29 | Create | Villager (Male) |
| 3:29 | Create | Villager (Male) |
| 3:39 | Build | House |
| 3:45 | Build | House |
| 4:07 | Create | Villager (Male) |
| 4:35 | Create | Villager (Male) |
| 4:35 | Create | Villager (Male) |
| 4:58 | Create | Villager (Male) |
| 5:04 | Create | Villager (Male) |
| 5:43 | Create | Villager (Male) |
| 5:46 | Create | Villager (Male) |
| 5:51 | Create | Villager (Male) |
| 6:05 | Build | Mill |
| 6:11 | Create | Villager (Male) |
| 6:21 | Create | Villager (Male) |
| 6:34 | Create | Villager (Male) |
| 6:48 | Create | Villager (Male) |
| 7:26 | Build | Mining Camp |
| 7:27 | Create | Villager (Male) |
| 7:32 | Build | Mining Camp |
| 7:50 | Build | Farm |
| 8:04 | Create | Villager (Male) |
| 8:06 | Build | Farm |
| 8:47 | Research | Feudal Age |
| 9:08 | Build | Barracks |
| 10:50 | Build | House |
| 11:07 | Age | Feudal Age |
| 11:10 | Build | Market |
| 11:25 | Build | Stable |
| 11:28 | Create | Villager (Male) |
| 11:39 | Create | Villager (Male) |
| 11:42 | Research | Loom |
| 12:27 | Research | Castle Age |
| 12:32 | Build | Farm |
| 12:35 | Build | Farm |
| 12:37 | Build | Farm |
| 13:13 | Research | Double-Bit Axe |
| 13:13 | Research | Double-Bit Axe |
| 13:21 | Build | House |
| 14:03 | Create | Scout Cavalry |
| 14:06 | Create | Villager (Male) |
| 14:13 | Research | Horse Collar |
| 14:22 | Build | Farm |
| 14:34 | Build | House |
| 14:37 | Create | Villager (Male) |
| 15:07 | Age | Castle Age |
| 15:09 | Create | Knight |
| 15:10 | Create | Villager (Male) |
| 15:31 | Build | Town Center |
| 15:31 | Create | Villager (Male) |
| 15:45 | Create | Villager (Male) |
| 15:54 | Create | Knight |
| 15:55 | Create | Villager (Male) |
| 16:00 | Build | Farm |
| 16:01 | Build | Farm |
| 16:06 | Create | Villager (Male) |
| 16:17 | Create | Knight |
| 16:25 | Create | Villager (Male) |
| 16:35 | Build | Farm |
| 16:41 | Create | Knight |
| 16:44 | Create | Villager (Male) |
| 16:51 | Create | Villager (Male) |
| 17:05 | Build | Farm |
| 17:19 | Build | Lumber Camp |
| 17:19 | Create | Villager (Male) |
| 17:20 | Create | Villager (Male) |
| 17:40 | Create | Knight |
| 17:42 | Build | Farm |
| 18:10 | Build | House |
| 18:11 | Build | House |
| 18:12 | Create | Villager (Male) |
| 18:16 | Create | Villager (Male) |
| 18:18 | Build | Farm |
| 18:20 | Create | Villager (Male) |
| 18:25 | Build | Farm |
| 18:28 | Build | Farm |
| 18:38 | Build | Monastery |
| 18:46 | Build | Farm |
| 18:46 | Create | Villager (Male) |
| 19:06 | Build | Blacksmith |
| 19:08 | Create | Villager (Male) |
| 19:24 | Create | Knight |
| 19:24 | Create | Knight |
| 19:24 | Create | Knight |
| 19:53 | Create | Villager (Male) |
| 19:54 | Create | Knight |
| 19:54 | Create | Knight |
| 20:05 | Research | Scale Barding Armor |
| 20:05 | Research | Scale Barding Armor |
| 20:08 | Build | Town Center |
| 20:12 | Create | Villager (Male) |
| 20:22 | Create | Knight |
| 20:26 | Create | Knight |
| 20:26 | Create | Villager (Male) |
| 20:38 | Create | Villager (Male) |
| 20:42 | Build | Farm |
| 20:45 | Build | Farm |
| 20:48 | Build | Farm |
| 20:50 | Build | Farm |
| 21:12 | Create | Villager (Male) |
| 21:14 | Build | Farm |
| 21:16 | Build | Farm |
| 21:17 | Create | Villager (Male) |
| 21:18 | Create | Villager (Male) |
| 21:31 | Create | Villager (Male) |
| 21:34 | Build | Farm |
| 21:37 | Build | Farm |
| 21:42 | Create | Villager (Male) |
| 21:45 | Build | House |
| 21:47 | Create | Monk |
| 22:04 | Create | Villager (Male) |
| 22:07 | Create | Villager (Male) |
| 22:13 | Create | Villager (Male) |
| 22:25 | Create | Knight |
| 22:28 | Build | Farm |
| 22:29 | Build | Farm |
| 22:30 | Create | Villager (Male) |
| 22:37 | Build | Farm |
| 22:39 | Build | Farm |
| 22:58 | Research | Bloodlines |
| 22:58 | Research | Bloodlines |
| 23:01 | Build | Farm |
| 23:15 | Build | Farm |
| 23:15 | Create | Villager (Male) |
| 23:16 | Create | Villager (Male) |
| 23:17 | Create | Villager (Male) |
| 23:23 | Create | Villager (Male) |
| 23:33 | Create | Knight |
| 23:38 | Build | Farm |
| 23:41 | Build | Farm |
| 23:43 | Build | Farm |
| 23:46 | Build | Farm |
| 23:47 | Build | Farm |
| 23:49 | Create | Knight |
| 23:49 | Create | Knight |
| 23:54 | Create | Villager (Male) |
| 23:57 | Build | Farm |
Build order — PerryTHIS
First 150 of 408 actions detected
| 0:00 | Create | Villager (Male) |
| 0:01 | Create | Villager (Male) |
| 0:02 | Build | House |
| 0:03 | Build | House |
| 0:29 | Create | Villager (Male) |
| 0:30 | Create | Villager (Male) |
| 1:24 | Create | Villager (Male) |
| 1:24 | Create | Villager (Male) |
| 1:55 | Create | Villager (Male) |
| 2:16 | Create | Villager (Male) |
| 2:57 | Create | Villager (Male) |
| 2:57 | Create | Villager (Male) |
| 3:00 | Build | House |
| 3:17 | Create | Villager (Male) |
| 3:38 | Create | Villager (Male) |
| 4:07 | Create | Villager (Male) |
| 4:24 | Create | Villager (Male) |
| 4:34 | Build | Mill |
| 4:46 | Create | Villager (Male) |
| 4:58 | Create | Villager (Male) |
| 5:17 | Create | Villager (Male) |
| 5:31 | Build | House |
| 5:58 | Create | Villager (Male) |
| 6:12 | Create | Villager (Male) |
| 6:39 | Create | Villager (Male) |
| 6:44 | Create | Villager (Male) |
| 7:00 | Build | Mule Cart |
| 7:00 | Create | Villager (Male) |
| 7:07 | Create | Villager (Male) |
| 7:34 | Build | Farm |
| 7:50 | Create | Villager (Male) |
| 8:01 | Create | Villager (Male) |
| 8:01 | Research | Feudal Age |
| 8:08 | Build | Farm |
| 8:24 | Research | Feudal Age |
| 8:44 | Build | Mill |
| 8:54 | Build | Farm |
| 9:24 | Build | Farm |
| 9:38 | Create | Villager (Male) |
| 9:41 | Create | Villager (Male) |
| 9:50 | Build | House |
| 10:57 | Age | Feudal Age |
| 11:01 | Build | Market |
| 11:05 | Build | Blacksmith |
| 12:04 | Research | Castle Age |
| 12:05 | Research | Castle Age |
| 12:05 | Research | Castle Age |
| 12:33 | Build | Farm |
| 12:57 | Create | Villager (Male) |
| 13:11 | Research | Double-Bit Axe |
| 13:28 | Research | Horse Collar |
| 13:40 | Build | House |
| 14:08 | Create | Villager (Male) |
| 14:23 | Create | Villager (Male) |
| 14:44 | Age | Castle Age |
| 14:47 | Build | Town Center |
| 14:49 | Research | Bow Saw |
| 14:57 | Build | Farm |
| 15:23 | Create | Villager (Male) |
| 15:25 | Build | Farm |
| 15:29 | Build | Farm |
| 15:31 | Build | Farm |
| 15:37 | Create | Villager (Male) |
| 15:47 | Create | Villager (Male) |
| 15:57 | Create | Villager (Male) |
| 16:17 | Build | Town Center |
| 16:22 | Create | Villager (Male) |
| 16:30 | Create | Villager (Male) |
| 16:32 | Build | Farm |
| 16:41 | Create | Villager (Male) |
| 16:43 | Build | House |
| 16:45 | Build | House |
| 16:57 | Create | Villager (Male) |
| 16:58 | Create | Villager (Male) |
| 17:08 | Create | Villager (Male) |
| 17:21 | Create | Villager (Male) |
| 17:33 | Build | Monastery |
| 17:34 | Create | Villager (Male) |
| 17:41 | Create | Villager (Male) |
| 17:44 | Build | Farm |
| 17:47 | Build | Farm |
| 17:56 | Build | Farm |
| 17:58 | Create | Villager (Male) |
| 18:07 | Create | Villager (Male) |
| 18:09 | Create | Villager (Male) |
| 18:16 | Create | Villager (Male) |
| 18:19 | Build | Farm |
| 18:26 | Build | Farm |
| 18:27 | Create | Villager (Male) |
| 19:09 | Create | Villager (Male) |
| 19:12 | Create | Villager (Male) |
| 19:16 | Build | Siege Workshop |
| 19:17 | Create | Villager (Male) |
| 19:18 | Create | Villager (Male) |
| 19:21 | Build | Farm |
| 19:24 | Build | Farm |
| 19:25 | Create | Villager (Male) |
| 19:28 | Build | Farm |
| 19:28 | Build | Farm |
| 19:28 | Build | Farm |
| 19:29 | Build | Farm |
| 19:29 | Build | Farm |
| 19:29 | Build | Farm |
| 19:30 | Build | Farm |
| 19:42 | Create | Monk |
| 19:48 | Create | Villager (Male) |
| 19:51 | Build | Farm |
| 19:52 | Create | Villager (Male) |
| 19:58 | Build | House |
| 19:59 | Build | House |
| 20:18 | Create | Villager (Male) |
| 20:20 | Build | Farm |
| 20:21 | Research | Loom |
| 20:25 | Create | Villager (Male) |
| 20:25 | Create | Villager (Male) |
| 20:25 | Create | Villager (Male) |
| 20:44 | Create | Villager (Male) |
| 20:45 | Create | Villager (Male) |
| 20:48 | Build | House |
| 20:49 | Build | House |
| 20:50 | Build | House |
| 20:53 | Create | Villager (Male) |
| 20:59 | Build | Farm |
| 21:00 | Build | Farm |
| 21:00 | Build | Farm |
| 21:00 | Build | Farm |
| 21:09 | Build | Outpost |
| 21:09 | Build | Outpost |
| 21:12 | Build | Outpost |
| 21:13 | Create | Villager (Male) |
| 21:16 | Build | Farm |
| 21:18 | Build | Farm |
| 21:18 | Create | Villager (Male) |
| 21:21 | Build | Farm |
| 21:23 | Research | Heavy Plow |
| 21:23 | Create | Villager (Male) |
| 21:35 | Create | Villager (Male) |
| 21:35 | Create | Villager (Male) |
| 21:44 | Build | Farm |
| 21:49 | Build | Mule Cart |
| 21:50 | Create | Villager (Male) |
| 21:54 | Build | Mule Cart |
| 21:55 | Create | Villager (Male) |
| 21:56 | Create | Villager (Male) |
| 22:07 | Create | Monk |
| 22:29 | Build | Barracks |
| 22:30 | Create | Monk |
| 22:31 | Create | Villager (Male) |
| 22:34 | Build | Farm |
| 22:37 | Build | Farm |
Build order — LRNI MarinM
First 150 of 459 actions detected
| 0:01 | Create | Villager (Male) |
| 0:02 | Create | Villager (Male) |
| 0:02 | Create | Villager (Male) |
| 0:02 | Create | Villager (Male) |
| 0:03 | Build | House |
| 0:04 | Build | House |
| 1:26 | Create | Villager (Male) |
| 1:26 | Create | Villager (Male) |
| 2:09 | Create | Villager (Male) |
| 2:09 | Create | Villager (Male) |
| 2:23 | Create | Villager (Male) |
| 2:24 | Create | Villager (Male) |
| 2:47 | Create | Villager (Male) |
| 2:47 | Create | Villager (Male) |
| 3:17 | Create | Villager (Male) |
| 3:17 | Create | Villager (Male) |
| 3:48 | Create | Villager (Male) |
| 3:48 | Create | Villager (Male) |
| 3:56 | Build | House |
| 4:01 | Create | Villager (Male) |
| 4:01 | Create | Villager (Male) |
| 4:24 | Build | Mill |
| 4:31 | Create | Villager (Male) |
| 4:32 | Create | Villager (Male) |
| 4:57 | Create | Villager (Male) |
| 4:57 | Create | Villager (Male) |
| 5:03 | Create | Villager (Male) |
| 5:04 | Create | Villager (Male) |
| 5:20 | Build | House |
| 5:47 | Create | Villager (Male) |
| 6:29 | Create | Villager (Male) |
| 6:46 | Create | Villager (Male) |
| 6:59 | Create | Villager (Male) |
| 7:20 | Build | House |
| 7:39 | Create | Villager (Male) |
| 8:10 | Create | Villager (Male) |
| 8:25 | Build | Farm |
| 8:27 | Build | Farm |
| 8:33 | Build | Mule Cart |
| 8:42 | Create | Villager (Male) |
| 8:48 | Research | Feudal Age |
| 8:48 | Research | Feudal Age |
| 8:53 | Build | Farm |
| 9:10 | Build | Farm |
| 9:11 | Build | Farm |
| 9:17 | Build | Farm |
| 9:42 | Build | Farm |
| 10:02 | Build | Farm |
| 10:44 | Create | Villager (Male) |
| 11:02 | Build | Blacksmith |
| 11:07 | Create | Villager (Male) |
| 11:31 | Build | Market |
| 11:38 | Build | House |
| 11:48 | Create | Villager (Male) |
| 12:34 | Research | Castle Age |
| 12:35 | Research | Castle Age |
| 13:17 | Build | Barracks |
| 14:17 | Research | Double-Bit Axe |
| 14:17 | Research | Horse Collar |
| 14:24 | Build | Stable |
| 14:42 | Create | Villager (Male) |
| 14:44 | Create | Villager (Male) |
| 15:16 | Build | Monastery |
| 15:19 | Create | Scout Cavalry |
| 15:19 | Create | Scout Cavalry |
| 15:47 | Build | Town Center |
| 15:56 | Create | Villager (Male) |
| 16:10 | Build | House |
| 16:12 | Build | House |
| 16:13 | Build | House |
| 16:17 | Create | Villager (Male) |
| 16:21 | Build | House |
| 16:24 | Create | Monk |
| 16:37 | Create | Villager (Male) |
| 16:43 | Research | Bow Saw |
| 17:06 | Create | Villager (Male) |
| 17:22 | Create | Monk |
| 17:30 | Create | Villager (Male) |
| 17:30 | Create | Villager (Male) |
| 17:34 | Create | Villager (Male) |
| 17:36 | Build | Farm |
| 17:38 | Build | Farm |
| 17:40 | Build | Farm |
| 17:56 | Create | Villager (Male) |
| 17:56 | Create | Villager (Male) |
| 18:00 | Build | Farm |
| 18:00 | Build | Farm |
| 18:04 | Build | Farm |
| 18:08 | Build | Farm |
| 18:08 | Build | Farm |
| 18:11 | Create | Villager (Male) |
| 18:27 | Build | Stable |
| 18:33 | Build | House |
| 18:34 | Create | Villager (Male) |
| 18:35 | Create | Villager (Male) |
| 18:35 | Create | Villager (Male) |
| 18:48 | Create | Monk |
| 19:00 | Create | Villager (Male) |
| 19:00 | Create | Villager (Male) |
| 19:11 | Create | Knight |
| 19:12 | Create | Knight |
| 19:15 | Build | Farm |
| 19:19 | Build | Farm |
| 19:19 | Build | Farm |
| 19:19 | Build | Farm |
| 19:20 | Build | Farm |
| 19:22 | Build | Farm |
| 19:39 | Research | Loom |
| 19:40 | Create | Villager (Male) |
| 19:40 | Create | Villager (Male) |
| 19:40 | Create | Villager (Male) |
| 19:55 | Create | Villager (Male) |
| 19:55 | Create | Villager (Male) |
| 20:01 | Build | Farm |
| 20:05 | Build | Farm |
| 20:05 | Build | Farm |
| 20:12 | Research | Scale Barding Armor |
| 20:12 | Research | Scale Barding Armor |
| 20:16 | Create | Knight |
| 20:17 | Create | Knight |
| 20:30 | Create | Villager (Male) |
| 20:30 | Create | Villager (Male) |
| 20:36 | Build | Farm |
| 20:38 | Create | Villager (Male) |
| 20:39 | Create | Villager (Male) |
| 20:39 | Create | Villager (Male) |
| 20:52 | Research | Gold Mining |
| 20:52 | Research | Gold Mining |
| 20:53 | Create | Villager (Male) |
| 21:18 | Create | Villager (Male) |
| 21:19 | Create | Villager (Male) |
| 21:21 | Create | Villager (Male) |
| 21:28 | Build | Farm |
| 21:28 | Build | Farm |
| 21:28 | Build | Farm |
| 21:29 | Create | Villager (Male) |
| 21:34 | Build | Farm |
| 21:34 | Build | Farm |
| 21:36 | Create | Villager (Male) |
| 21:45 | Create | Knight |
| 21:45 | Create | Knight |
| 21:46 | Create | Knight |
| 21:46 | Create | Knight |
| 22:03 | Create | Knight |
| 22:03 | Create | Knight |
| 22:03 | Create | Knight |
| 22:03 | Create | Knight |
| 22:14 | Build | Farm |
| 22:14 | Build | Farm |
| 22:17 | Build | Farm |
Build order — Krispy
First 150 of 394 actions detected
| 0:03 | Create | Villager (Male) |
| 0:03 | Create | Villager (Male) |
| 0:03 | Create | Villager (Male) |
| 0:03 | Create | Villager (Male) |
| 0:04 | Create | Villager (Male) |
| 0:05 | Build | House |
| 0:07 | Build | House |
| 1:43 | Create | Villager (Male) |
| 2:32 | Create | Villager (Male) |
| 2:33 | Create | Villager (Male) |
| 2:33 | Create | Villager (Male) |
| 2:46 | Build | Lumber Camp |
| 3:09 | Create | Villager (Male) |
| 3:10 | Create | Villager (Male) |
| 3:38 | Create | Villager (Male) |
| 3:38 | Create | Villager (Male) |
| 4:09 | Build | House |
| 4:37 | Create | Villager (Male) |
| 4:37 | Create | Villager (Male) |
| 4:39 | Create | Villager (Male) |
| 4:39 | Create | Villager (Male) |
| 4:50 | Build | House |
| 5:13 | Create | Villager (Male) |
| 5:13 | Create | Villager (Male) |
| 5:17 | Build | House |
| 5:55 | Build | Mill |
| 5:56 | Create | Villager (Male) |
| 5:57 | Create | Villager (Male) |
| 7:18 | Build | Mill |
| 7:24 | Create | Villager (Male) |
| 8:09 | Create | Villager (Male) |
| 8:09 | Create | Villager (Male) |
| 8:09 | Create | Villager (Male) |
| 8:09 | Create | Villager (Male) |
| 8:13 | Create | Villager (Male) |
| 8:34 | Build | Lumber Camp |
| 9:37 | Build | Mining Camp |
| 10:07 | Research | Feudal Age |
| 10:19 | Build | Farm |
| 11:54 | Create | Villager (Male) |
| 11:54 | Create | Villager (Male) |
| 12:24 | Age | Feudal Age |
| 12:25 | Build | Market |
| 12:31 | Build | Blacksmith |
| 12:52 | Build | Farm |
| 13:27 | Research | Castle Age |
| 13:53 | Build | House |
| 13:58 | Research | Horse Collar |
| 14:03 | Build | Farm |
| 14:06 | Build | Farm |
| 14:11 | Build | Farm |
| 14:13 | Build | Farm |
| 14:21 | Build | Farm |
| 14:26 | Build | Farm |
| 14:33 | Build | Farm |
| 15:11 | Research | Double-Bit Axe |
| 15:11 | Research | Double-Bit Axe |
| 16:07 | Age | Castle Age |
| 16:13 | Build | Town Center |
| 16:17 | Create | Villager (Male) |
| 16:17 | Create | Villager (Male) |
| 16:24 | Build | Town Center |
| 16:48 | Create | Villager (Male) |
| 16:49 | Create | Villager (Male) |
| 16:52 | Build | Farm |
| 17:12 | Create | Villager (Male) |
| 17:34 | Create | Villager (Male) |
| 17:34 | Create | Villager (Male) |
| 17:35 | Create | Villager (Male) |
| 17:39 | Create | Villager (Male) |
| 17:39 | Create | Villager (Male) |
| 17:45 | Build | Farm |
| 17:47 | Build | Farm |
| 17:51 | Build | Farm |
| 17:53 | Build | Farm |
| 17:56 | Build | Farm |
| 18:04 | Build | Farm |
| 18:09 | Create | Villager (Male) |
| 18:09 | Create | Villager (Male) |
| 18:28 | Create | Villager (Male) |
| 19:12 | Create | Villager (Male) |
| 19:13 | Create | Villager (Male) |
| 19:24 | Research | Wheelbarrow |
| 19:35 | Research | Bow Saw |
| 19:35 | Research | Bow Saw |
| 19:49 | Build | Mill |
| 19:51 | Build | Farm |
| 19:52 | Build | Farm |
| 19:52 | Build | Farm |
| 19:54 | Build | Farm |
| 19:56 | Build | Farm |
| 19:56 | Build | Farm |
| 19:59 | Build | Farm |
| 20:00 | Create | Villager (Male) |
| 20:00 | Create | Villager (Male) |
| 20:00 | Create | Villager (Male) |
| 20:14 | Create | Villager (Male) |
| 20:23 | Create | Villager (Male) |
| 20:23 | Create | Villager (Male) |
| 20:30 | Build | Farm |
| 20:41 | Build | Town Center |
| 20:47 | Create | Villager (Male) |
| 20:47 | Create | Villager (Male) |
| 20:47 | Create | Villager (Male) |
| 20:51 | Build | House |
| 21:14 | Create | Villager (Male) |
| 21:14 | Create | Villager (Male) |
| 21:14 | Create | Villager (Male) |
| 21:15 | Create | Villager (Male) |
| 21:21 | Build | House |
| 21:23 | Build | House |
| 21:35 | Build | University |
| 21:38 | Create | Villager (Male) |
| 21:39 | Create | Villager (Male) |
| 21:39 | Create | Villager (Male) |
| 21:42 | Build | Farm |
| 21:59 | Build | House |
| 22:01 | Build | House |
| 22:06 | Create | Villager (Male) |
| 22:06 | Create | Villager (Male) |
| 22:06 | Create | Villager (Male) |
| 22:17 | Build | Farm |
| 22:28 | Research | Stone Mining |
| 22:30 | Create | Villager (Male) |
| 22:33 | Build | House |
| 22:38 | Build | Monastery |
| 22:41 | Build | House |
| 22:42 | Create | Villager (Male) |
| 22:42 | Create | Villager (Male) |
| 22:52 | Create | Villager (Male) |
| 22:52 | Create | Villager (Male) |
| 22:53 | Create | Villager (Male) |
| 22:53 | Create | Villager (Male) |
| 22:54 | Create | Villager (Male) |
| 22:54 | Create | Villager (Male) |
| 23:08 | Build | House |
| 23:10 | Research | Gold Mining |
| 23:25 | Create | Villager (Male) |
| 23:25 | Create | Villager (Male) |
| 23:25 | Create | Villager (Male) |
| 23:26 | Create | Villager (Male) |
| 23:26 | Create | Villager (Male) |
| 23:29 | Build | Farm |
| 23:35 | Build | House |
| 23:42 | Build | Barracks |
| 23:44 | Create | Villager (Male) |
| 23:44 | Create | Villager (Male) |
| 23:47 | Build | Farm |
| 23:49 | Build | Farm |
| 23:50 | Create | Villager (Male) |
Match timeline
| 8:01 | fonsejua · first_building Barracks |
| 9:08 | PedroAOE · first_building Barracks |
| 10:08 | fonsejua · age_up feudal |
| 10:12 | LRNI_MAMBO · age_up feudal |
| 10:35 | fonsejua · first_building Archery Range |
| 10:57 | PerryTHIS · age_up feudal |
| 11:07 | PedroAOE · age_up feudal |
| 11:25 | PedroAOE · first_building Stable |
| 11:52 | PerryTHIS · first_market_sell 100 wood |
| 11:53 | PerryTHIS · first_market_buy 100 food |
| 11:54 | LRNI_robotech · age_up feudal |
| 11:56 | KatarnRedfield · age_up feudal |
| 12:24 | Krispy · age_up feudal |
| 13:09 | KatarnRedfield · first_market_sell 100 stone |
| 13:17 | LRNI MarinM · first_building Barracks |
| 14:24 | LRNI MarinM · first_building Stable |
| 14:44 | PerryTHIS · age_up castle |
| 14:59 | LRNI_MAMBO · age_up castle |
| 15:07 | PedroAOE · age_up castle |
| 15:16 | LRNI MarinM · first_building Monastery |
| 15:33 | LRNI MarinM · first_market_buy 100 wood |
| 15:53 | LRNI_robotech · age_up castle |
| 15:57 | KatarnRedfield · age_up castle |
| 16:07 | Krispy · age_up castle |
| 16:30 | LRNI_robotech · first_building Castle |
| 16:40 | LRNI_robotech · wall_segment Palisade Wall x1 |
| 17:00 | Krispy · first_market_buy 100 stone |
| 17:08 | LRNI_MAMBO · first_market_buy 100 wood |
| 17:26 | PedroAOE · first_market_buy 100 wood |
| 17:33 | PerryTHIS · first_building Monastery |
| 17:38 | LRNI_MAMBO · first_market_sell 100 food |
| 17:56 | LRNI_MAMBO · first_building Castle |
| 18:03 | KatarnRedfield · first_building Castle |
| 18:08 | LRNI_robotech · first_building Siege Workshop |
| 18:38 | PedroAOE · first_building Monastery |
| 19:16 | PerryTHIS · first_building Siege Workshop |
| 19:47 | KatarnRedfield · wall_segment Stone Wall x7 |
| 19:51 | KatarnRedfield · wall_segment Stone Wall x6 |
| 20:25 | PedroAOE · first_market_sell 100 wood |
| 21:12 | KatarnRedfield · wall_segment Stone Wall x3 |
| 21:34 | fonsejua · age_up castle |
| 21:53 | fonsejua · first_building Siege Workshop |
| 22:29 | PerryTHIS · first_building Barracks |
| 22:38 | Krispy · first_building Monastery |
| 22:47 | KatarnRedfield · first_market_buy 100 wood |
| 22:51 | KatarnRedfield · first_building Barracks |
| 23:14 | LRNI_MAMBO · first_building Siege Workshop |
| 23:42 | Krispy · first_building Barracks |
| 23:45 | PerryTHIS · first_building Archery Range |
| 24:23 | KatarnRedfield · first_building Monastery |
| 24:35 | LRNI_robotech · first_building Monastery |
| 25:42 | KatarnRedfield · first_building Archery Range |
| 26:08 | PerryTHIS · first_building Stable |
| 26:25 | Krispy · first_building Castle |
| 27:03 | KatarnRedfield · first_building Siege Workshop |
| 27:15 | Krispy · first_market_sell 100 wood |
| 27:53 | LRNI MarinM · first_market_sell 100 wood |
| 28:12 | KatarnRedfield · age_up imperial |
| 28:18 | Krispy · first_building Stable |
| 28:49 | LRNI_robotech · first_market_sell 100 food |
| 28:51 | PerryTHIS · first_building Castle |
| 29:13 | LRNI_MAMBO · first_building Barracks |
| 29:26 | LRNI_robotech · age_up imperial |
| 30:49 | Krispy · age_up imperial |
| 31:40 | LRNI_MAMBO · first_building Stable |
| 31:44 | PerryTHIS · age_up imperial |
| 33:09 | LRNI MarinM · tribute_sent a jugador 1 |
| 33:09 | LRNI MarinM · tribute_sent a jugador 2 |
| 33:09 | LRNI MarinM · tribute_sent a jugador 3 |
| 33:09 | LRNI MarinM · tribute_sent a jugador 4 |
| 33:09 | LRNI MarinM · tribute_sent a jugador 5 |
| 33:09 | LRNI MarinM · tribute_sent a jugador 6 |
| 33:09 | LRNI MarinM · tribute_sent a jugador 8 |
| 34:04 | LRNI MarinM · first_building Castle |
| 34:10 | LRNI_robotech · first_building Barracks |
| 34:23 | fonsejua · first_building Monastery |
| 34:24 | LRNI_MAMBO · age_up imperial |
| 34:40 | LRNI_MAMBO · resign |
| 34:43 | LRNI_robotech · first_market_buy 100 stone |
| 34:59 | LRNI_robotech · first_building Archery Range |
| 35:10 | fonsejua · first_market_sell 500 wood |
| 35:11 | fonsejua · first_market_buy 100 food |
| 36:04 | PedroAOE · age_up imperial |
| 38:27 | fonsejua · age_up imperial |
[ AI ANALYSIS · 1 CREDIT ]
What really happened in this match?
Wolo.gg analyzes every decision: build order, eco, micro, common mistakes by bracket. Personalized analysis on WhatsApp or Discord in 30 seconds.
Civ guide
Ethiopians
Perfil
fonsejua